Devils vs Senateurs
Created - May 25, 2022 at 19:17
Goals
|
| Devils |
0 |
1 |
0 |
1 |
| Senateurs |
0 |
4 |
0 |
4 |
|
Shots
|
| Devils |
7 |
3 |
13 |
23 |
| Senateurs |
10 |
20 |
8 |
38 |
|
1st period
No Goal
Penalties :
Sean Bergenheim (Ott) for Hooking (Minor) at 0:44, Brian McGrattan (N.J) for Holding (Minor) at 7:59
2nd period
1. Senateurs , Ryan Getzlaf 11 (Eric Wellwood 12, Steve Bernier 16) at 4:27
2. Senateurs , Sidney Crosby 42 (Eric Gelinas 26, Ryan Getzlaf 9) at 8:49
3. Senateurs , Reilly Smith 23 (Sidney Crosby 48, Erik Haula 24) at 9:58
4. Devils , Tyler Ennis 35 (Marian Gaborik 36, Marek Svatos 15) at 10:53
5. Senateurs , Erik Haula 11 (James Neal 11, PK Subban 21) at 14:48
Penalties :
Zach Parise (N.J) for Holding (Minor) at 1:34, Brian McGrattan (N.J) for Holding Stick (Minor) at 5:19, Michael Del Zotto (N.J) for Holding (Minor) at 17:43
3rd period
No Goal
Penalties :
Brian McGrattan (N.J) for Holding (Minor) at 0:20, Rostislav Olesz (Ott) for Holding Stick (Minor) at 1:35, Jonathan Huberdeau (N.J) for Roughing (Double Minor) at 5:26, Eric Tangradi (N.J) for Interference (Minor) at 17:34
Goalie Stats
Maxime Daigneault (N.J), 34 saves from 38 shots - (0.895), L, 30-17-6, 60:00 minutes
Jonathan Bernier (Ott), 22 saves from 23 shots - (0.957), W, 21-13-2, 60:00 minutes
Players Stats for Devils
Player Name G A P +/- PIM S H SB GA TA FO MP PP MP PK MP
------------------------------------------------------------------------------------
Aleksander Barkov 0 0 0 -1 0 1 2 0 0 0 7/9 12:09 1:29 0:35
Anton Lander 0 0 0 -1 0 1 1 0 0 1 3/4 10:34 0:00 4:40
Anton Stralman 0 0 0 -1 0 0 1 0 0 0 0/0 25:02 0:45 8:00
Brian McGrattan 0 0 0 0 6 4 0 0 0 2 0/0 14:43 0:08 2:43
Eric Tangradi 0 0 0 -1 2 0 0 0 0 0 0/0 8:42 0:00 2:33
Jamie Arniel 0 0 0 0 0 2 2 0 0 0 14/29 20:39 0:00 8:29
Jonathan Huberdeau 0 0 0 -1 4 0 0 0 0 0 0/0 12:00 1:29 0:28
Kristopher Letang 0 0 0 -1 0 0 0 1 2 0 0/0 19:55 2:21 1:02
Marek Svatos 0 1 1 -1 0 2 2 0 0 0 0/0 11:33 1:29 0:00
Marian Gaborik 0 1 1 -1 0 0 1 0 1 0 0/1 14:21 1:37 0:00
Mark Fistric 0 0 0 -1 0 2 0 1 0 2 0/0 21:38 0:08 7:09
Matt Donovan 0 0 0 -1 0 1 1 0 0 1 0/0 18:48 0:00 7:54
Michael Del Zotto 0 0 0 -1 2 0 2 0 2 0 0/0 22:47 2:29 6:13
Miikka Salomaki 0 0 0 -1 0 0 0 0 0 0 0/0 5:43 0:00 0:00
Nazem Kadri 0 0 0 -1 0 4 2 0 1 0 7/20 15:13 1:45 0:00
Thomas Hickey 0 0 0 -1 0 0 0 0 0 0 0/0 11:51 0:45 0:00
Tyler Ennis 1 0 1 -1 0 5 3 1 0 1 0/0 19:16 1:45 3:53
Zach Parise 0 0 0 0 2 1 0 1 0 0 0/0 19:06 0:00 6:57
Players Stats for Senateurs
Player Name G A P +/- PIM S H SB GA TA FO MP PP MP PK MP
------------------------------------------------------------------------------------
Brandon Burlon 0 0 0 4 0 0 2 0 0 0 0/0 8:36 0:00 0:00
Brandon Sutter 0 0 0 0 0 2 2 0 0 0 7/12 20:10 6:54 1:21
Eric Gelinas 0 1 1 0 0 4 0 1 0 1 0/0 29:25 9:10 1:58
Eric Wellwood 0 1 1 1 0 2 1 0 0 0 0/1 8:53 0:16 1:13
Erik Haula 1 1 2 0 0 6 2 0 1 0 1/2 11:04 0:16 0:25
James Neal 0 1 1 0 0 0 1 1 1 0 0/0 10:16 0:16 0:00
Jason Pominville 0 0 0 0 0 4 0 0 1 0 2/3 18:08 6:54 0:00
Mike Green 0 0 0 0 0 0 3 1 0 1 0/0 29:25 9:10 1:58
Paul Stastny 0 0 0 0 0 1 0 0 1 1 0/0 10:08 0:00 0:08
PK Subban 0 1 1 -1 0 1 0 1 0 0 0/0 21:09 5:59 1:16
Reilly Smith 1 0 1 2 0 7 1 0 1 1 2/2 20:58 7:59 0:00
Rostislav Olesz 0 0 0 0 2 1 1 0 0 0 2/2 19:04 6:53 0:43
Ryan Getzlaf 1 1 2 1 0 2 2 1 0 0 0/3 6:26 0:00 0:00
Sean Bergenheim 0 0 0 2 2 4 1 0 1 0 1/3 22:43 7:59 0:56
Sidney Crosby 1 1 2 2 0 3 6 0 1 1 17/35 23:24 7:59 1:42
Steve Bernier 0 1 1 1 0 1 0 0 0 0 0/0 6:26 0:00 0:00
T.J. Fast 0 0 0 4 0 0 2 0 0 0 0/0 8:36 0:00 0:00
Taylor Chorney 0 0 0 -1 0 0 0 0 0 1 0/0 21:09 5:59 1:16
3 Stars
1 - Sidney Crosby (Ott)
2 - Ryan Getzlaf (Ott)
3 - Erik Haula (Ott)
Power Play
Devils - 0 on 2 Attempt(s) - 0.00%
Senateurs - 0 on 8 Attempt(s) - 0.00%
Penalty Kill
Devils - 8 on 8 Attempt(s) - 100.00%
- Score 0 goal in Penalty Kill
Senateurs - 2 on 2 Attempt(s) - 100.00%
- Score 0 goal in Penalty Kill
Team Stat
Devils - Hits : 17 - Faceoff Wins : 31 - Blocked Shots : 4 - Penalty Minutes : 16
Senateurs - Hits : 24 - Faceoff Wins : 32 - Blocked Shots : 5 - Penalty Minutes : 4
Official
Referees : Steve Kozari and Gord Dwyer
Linesman : Bryan Pancich and Jonny Murray
Game Notes
1:43 of 2nd period - Senateurs goal is going for a video replay. After video review, No Goal. The referee deems the play has been stopped, even if he had not physically had the opportunity to stop play by blowing his whistle.
Finance
Level 1 -- Attendance: 6000 (100.00%) -- Ticket Income $600,000
Level 2 -- Attendance: 4997 (99.94%) -- Ticket Income $299,820
Level 3 -- Attendance: 2000 (100.00%) -- Ticket Income $70,000
Level 4 -- Attendance: 4000 (100.00%) -- Ticket Income $100,000
Luxury Box -- Attendance: 970 (97.00%) -- Ticket Income $194,000
Game was played at the Centre Canadian Tire.
Total Attendance: 17967 (99.82%)
Total Ticket Income: $1,263,820
Other Income: $189,573
Total Income: $1,453,393
Devils
5 vs 5 Forward
Center Left Wing Right Wing Time % Phy DF OF
1 Nazem Kadri Tyler Ennis Marian Gaborik 34 0 2 3
2 Jamie Arniel Zach Parise Brian McGrattan 30 0 3 2
3 Aleksander Barkov Jonathan Huberdeau Marek Svatos 26 0 2 3
4 Anton Lander Eric Tangradi Miikka Salomaki 10 0 2 3
5 vs 5 Defense
Defense Defense Time % Phy DF OF
1 Anton Stralman Kristopher Letang 38 0 3 2
2 Michael Del Zotto Mark Fistric 34 0 3 2
3 Matt Donovan Thomas Hickey 28 0 3 2
4 Anton Stralman Kristopher Letang 0 0 3 2
PowerPlay Forward
Center Left Wing Right Wing Time % Phy DF OF
1 Nazem Kadri Tyler Ennis Marian Gaborik 60 0 1 4
2 Aleksander Barkov Jonathan Huberdeau Marek Svatos 40 0 1 4
PowerPlay Defense
Defense Defense Time % Phy DF OF
1 Michael Del Zotto Kristopher Letang 60 0 2 3
2 Anton Stralman Thomas Hickey 40 0 2 3
Penalty Kill 4 Players Forward
Center Wing Time % Phy DF OF
1 Jamie Arniel Zach Parise 60 1 4 0
2 Anton Lander Brian McGrattan 40 1 4 0
Penalty Kill 4 Players Defense
Defense Defense Time % Phy DF OF
1 Anton Stralman Matt Donovan 60 1 4 0
2 Mark Fistric Michael Del Zotto 40 1 4 0
Penalty Kill - 3 Players Forward
Forward Time % Phy DF OF
1 Tyler Ennis 60 0 4 1
2 Jamie Arniel 40 0 4 1
Penalty Kill - 3 Players Defense
Defense Defense Time % Phy DF OF
1 Anton Stralman Kristopher Letang 60 1 4 0
2 Michael Del Zotto Mark Fistric 40 1 4 0
4 vs 4 Forward
Center Wing Time % Phy DF OF
1 Nazem Kadri Tyler Ennis 60 0 2 3
2 Jamie Arniel Zach Parise 40 0 2 3
4 vs 4 Defense
Defense Defense Time % Phy DF OF
1 Anton Stralman Kristopher Letang 60 0 3 2
2 Michael Del Zotto Mark Fistric 40 0 3 2
Last Minutes Offensive
Center Left Wing Right Wing Defense Defense
Nazem Kadri Tyler Ennis Marian Gaborik Michael Del Zotto Kristopher Letang
Last Minutes Defensive
Center Left Wing Right Wing Defense Defense
Jamie Arniel Zach Parise Brian McGrattan Anton Stralman Kristopher Letang
Goaltenders
Starting : Maxime Daigneault
Backup : Thomas McCollum
Extra Forwards
Normal : Jonathan Huberdeau, Zach Parise, Aleksander Barkov - PP : Zach Parise, Jamie Arniel - PK : Tyler Ennis
Extra Defensemen
Normal : Kristopher Letang, Matt Donovan, Mark Fistric - PP : Anton Stralman - PK : Kristopher Letang, Matt Donovan
Penalty Shots
Nazem Kadri, Tyler Ennis, Marian Gaborik, Aleksander Barkov, Jamie Arniel
Scratches
Chris Stewart (Healthy), Mike Weber (Healthy)
Senateurs
5 vs 5 Forward
Center Left Wing Right Wing Time % Phy DF OF
1 Sidney Crosby Sean Bergenheim Reilly Smith 40 0 1 4
2 Brandon Sutter Rostislav Olesz Jason Pominville 30 0 1 4
3 Erik Haula Paul Stastny James Neal 20 1 2 2
4 Ryan Getzlaf Eric Wellwood Steve Bernier 10 1 2 2
5 vs 5 Defense
Defense Defense Time % Phy DF OF
1 Eric Gelinas Mike Green 40 1 3 1
2 PK Subban Taylor Chorney 30 1 3 1
3 Brandon Burlon T.J. Fast 20 1 3 1
4 Eric Gelinas Mike Green 10 1 3 1
PowerPlay Forward
Center Left Wing Right Wing Time % Phy DF OF
1 Sidney Crosby Sean Bergenheim Reilly Smith 60 0 1 4
2 Brandon Sutter Rostislav Olesz Jason Pominville 40 0 1 4
PowerPlay Defense
Defense Defense Time % Phy DF OF
1 Eric Gelinas Mike Green 60 0 2 3
2 PK Subban Taylor Chorney 40 0 2 3
Penalty Kill 4 Players Forward
Center Wing Time % Phy DF OF
1 Sidney Crosby Sean Bergenheim 60 1 2 2
2 Brandon Sutter Rostislav Olesz 40 1 2 2
Penalty Kill 4 Players Defense
Defense Defense Time % Phy DF OF
1 Eric Gelinas Mike Green 60 1 3 1
2 PK Subban Taylor Chorney 40 1 3 1
Penalty Kill - 3 Players Forward
Forward Time % Phy DF OF
1 Sidney Crosby 60 1 3 1
2 Brandon Sutter 40 1 3 1
Penalty Kill - 3 Players Defense
Defense Defense Time % Phy DF OF
1 Eric Gelinas Mike Green 60 1 4 0
2 PK Subban Taylor Chorney 40 1 4 0
4 vs 4 Forward
Center Wing Time % Phy DF OF
1 Sidney Crosby Sean Bergenheim 60 0 2 3
2 Brandon Sutter Rostislav Olesz 40 0 2 3
4 vs 4 Defense
Defense Defense Time % Phy DF OF
1 Eric Gelinas Mike Green 60 1 3 1
2 PK Subban Taylor Chorney 40 1 3 1
Last Minutes Offensive
Center Left Wing Right Wing Defense Defense
Sidney Crosby Sean Bergenheim Jason Pominville Eric Gelinas Mike Green
Last Minutes Defensive
Center Left Wing Right Wing Defense Defense
Sidney Crosby Sean Bergenheim Jason Pominville Eric Gelinas Mike Green
Goaltenders
Starting : Jonathan Bernier
Backup : Brian Elliott
Extra Forwards
Normal : Brandon Sutter, Erik Haula, James Neal - PP : Brandon Sutter, Erik Haula - PK : Brandon Sutter
Extra Defensemen
Normal : Taylor Chorney, Brandon Burlon, T.J. Fast - PP : Taylor Chorney - PK : Taylor Chorney, Brandon Burlon
Penalty Shots
Sidney Crosby, Sean Bergenheim, Jason Pominville, Reilly Smith, Brandon Sutter
Scratches
Sergei Kostitsyn (Healthy)
% Time on Ice - Devils
Lines # - Real PCT - Wanted PCT - Time Play
Normal Forward
1 - 32% - 34% - 13:11
2 - 30% - 30% - 12:05
3 - 24% - 26% - 9:54
4 - 14% - 10% - 5:43
Normal Defense
1 - 39% - 38% - 15:52
2 - 35% - 34% - 14:09
3 - 27% - 28% - 10:52
4 - 0% - 0% - 0:00
PP Forward
1 - 54% - 60% - 1:45
2 - 46% - 40% - 1:29
PP Defense
1 - 73% - 60% - 2:21
2 - 27% - 40% - 0:53
PK Forward
1 - 68% - 60% - 10:21
2 - 32% - 40% - 4:48
PK Defense
1 - 53% - 60% - 8:00
2 - 47% - 40% - 7:09
PK3 Forward
1 - 0% - 60%
2 - 0% - 40%
PK3 Defense
1 - 0% - 60%
2 - 0% - 40%
44 Forward
1 - 100% - 60% - 0:44
2 - 0% - 40% - 0:00
44 Defense
1 - 91% - 60% - 0:40
2 - 9% - 40% - 0:04
Last Minute Offensive - 0:00
Last Minute Defensive - 0:00
Total
Forward - 60:00
Defense - 60:00
|
% Time on Ice - Senateurs
Lines # - Real PCT - Wanted PCT - Time Play
Normal Forward
1 - 32% - 40% - 12:59
2 - 28% - 30% - 11:28
3 - 24% - 20% - 10:00
4 - 16% - 10% - 6:26
Normal Defense
1 - 41% - 40% - 16:46
2 - 36% - 30% - 14:44
3 - 21% - 20% - 8:36
4 - 2% - 10% - 0:47
PP Forward
1 - 53% - 60% - 7:59
2 - 47% - 40% - 7:10
PP Defense
1 - 61% - 60% - 9:10
2 - 39% - 40% - 5:59
PK Forward
1 - 68% - 60% - 2:12
2 - 32% - 40% - 1:02
PK Defense
1 - 61% - 60% - 1:58
2 - 39% - 40% - 1:16
PK3 Forward
1 - 0% - 60%
2 - 0% - 40%
PK3 Defense
1 - 0% - 60%
2 - 0% - 40%
44 Forward
1 - 100% - 60% - 0:44
2 - 0% - 40% - 0:00
44 Defense
1 - 100% - 60% - 0:44
2 - 0% - 40% - 0:00
Last Minute Offensive - 0:00
Last Minute Defensive - 0:00
Total
Forward - 60:00
Defense - 60:00
|
Play-by-Play
1st period
0:01 of 1st period - Nazem Kadri wins face-off versus Sidney Crosby in neutral zone.
0:30 of 1st period - Snap shot by Marek Svatos.
0:30 of 1st period - Stopped by Jonathan Bernier with a rebound.
0:44 of 1st period - Minor Penalty to Sean Bergenheim for Hooking.
0:45 of 1st period - Sidney Crosby wins face-off versus Nazem Kadri in Senateurs zone.
2:44 of 1st period - Penalty to Sean Bergenheim is over, Sean Bergenheim is back on ice.
2:57 of 1st period - Snap shot by Brandon Sutter.
2:57 of 1st period - Stopped by Maxime Daigneault without a rebound.
2:58 of 1st period - Erik Haula wins face-off versus Jamie Arniel in Devils zone.
3:45 of 1st period - Wrist shot by Tyler Ennis.
3:45 of 1st period - Deflect By Marian Gaborik.
3:45 of 1st period - Shot Misses the Net.
3:45 of 1st period - Puck is out of play.
3:46 of 1st period - Brandon Sutter wins face-off versus Marian Gaborik in Senateurs zone.
4:22 of 1st period - Snap shot by Tyler Ennis.
4:22 of 1st period - Shot Misses the Net.
4:41 of 1st period - Wrist shot by Tyler Ennis.
4:41 of 1st period - Stopped by Jonathan Bernier with a rebound.
4:51 of 1st period - Erik Haula is hit by Tyler Ennis and loses puck.
5:03 of 1st period - Taylor Chorney is hit by Nazem Kadri and loses puck.
5:12 of 1st period - Wrist shot by James Neal.
5:12 of 1st period - Shot Misses the Net.
5:16 of 1st period - Slapshot by Erik Haula.
5:16 of 1st period - Stopped by Maxime Daigneault with a rebound.
5:18 of 1st period - Wrist shot by Paul Stastny.
5:18 of 1st period - Shot Misses the Net.
6:20 of 1st period - Backhand shot by Erik Haula.
6:20 of 1st period - Stopped by Maxime Daigneault with a rebound.
6:34 of 1st period - Wrist shot by Paul Stastny.
6:34 of 1st period - Shot Misses the Net.
6:36 of 1st period - Slapshot by T.J. Fast.
6:36 of 1st period - Shot Blocked by Mark Fistric.
6:38 of 1st period - Wrist shot by Erik Haula.
6:38 of 1st period - Stopped by Maxime Daigneault without a rebound.
6:39 of 1st period - Aleksander Barkov wins face-off versus Brandon Sutter in Devils zone.
7:14 of 1st period - Snap shot by Reilly Smith.
7:14 of 1st period - Stopped by Maxime Daigneault without a rebound.
7:15 of 1st period - Jason Pominville wins face-off versus Jamie Arniel in Devils zone.
7:26 of 1st period - Slapshot by Zach Parise.
7:26 of 1st period - Deflect By Brian McGrattan.
7:26 of 1st period - Stopped by Jonathan Bernier without a rebound.
7:27 of 1st period - Sidney Crosby wins face-off versus Aleksander Barkov in Senateurs zone.
7:34 of 1st period - Snap shot by Sean Bergenheim.
7:34 of 1st period - Stopped by Maxime Daigneault without a rebound.
7:35 of 1st period - Aleksander Barkov wins face-off versus Sidney Crosby in Devils zone.
7:55 of 1st period - Backhand shot by Reilly Smith.
7:55 of 1st period - Stopped by Maxime Daigneault without a rebound.
7:56 of 1st period - Jamie Arniel wins face-off versus Brandon Sutter in Devils zone.
7:56 of 1st period - Jamie Arniel is hit by Brandon Sutter.
7:59 of 1st period - Minor Penalty to Brian McGrattan for Holding.
8:00 of 1st period - Sidney Crosby wins face-off versus Jamie Arniel in Devils zone.
9:59 of 1st period - Penalty to Brian McGrattan is over, Brian McGrattan is back on ice.
10:23 of 1st period - Steve Bernier is hit by Aleksander Barkov and loses puck.
10:38 of 1st period - Snap shot by Nazem Kadri.
10:38 of 1st period - Stopped by Jonathan Bernier without a rebound.
10:39 of 1st period - Nazem Kadri wins face-off versus Erik Haula in Senateurs zone.
11:09 of 1st period - Slapshot by Kristopher Letang.
11:09 of 1st period - Shot Misses the Net.
11:27 of 1st period - Eric Gelinas is hit by Aleksander Barkov.
11:31 of 1st period - Jonathan Huberdeau is hit by Brandon Sutter and loses puck.
11:46 of 1st period - Slapshot by Michael Del Zotto.
11:46 of 1st period - Shot Blocked by Mike Green.
11:48 of 1st period - Slapshot by Michael Del Zotto.
11:48 of 1st period - Shot Misses the Net.
11:54 of 1st period - Wrist shot by Anton Lander.
11:54 of 1st period - Shot Misses the Net.
13:02 of 1st period - Mike Green is hit by Anton Lander and loses puck.
13:11 of 1st period - Wrist shot by Paul Stastny.
13:11 of 1st period - Stopped by Maxime Daigneault with a rebound.
13:31 of 1st period - Kristopher Letang is hit by Sidney Crosby.
13:37 of 1st period - Icing by Sean Bergenheim.
13:38 of 1st period - Aleksander Barkov wins face-off versus Sidney Crosby in Senateurs zone.
14:15 of 1st period - Slapshot by Michael Del Zotto.
14:15 of 1st period - Shot Blocked by PK Subban.
15:32 of 1st period - Brian McGrattan is hit by Sidney Crosby and loses puck.
15:43 of 1st period - Wrist shot by Reilly Smith.
15:43 of 1st period - Stopped by Maxime Daigneault without a rebound.
15:44 of 1st period - Rostislav Olesz wins face-off versus Nazem Kadri in Devils zone.
15:45 of 1st period - Snap shot by Erik Haula.
15:45 of 1st period - Stopped by Maxime Daigneault without a rebound.
15:46 of 1st period - Jason Pominville wins face-off versus Nazem Kadri in Devils zone.
16:37 of 1st period - Wrist shot by Aleksander Barkov.
16:37 of 1st period - Shot Blocked by James Neal.
16:39 of 1st period - Slapshot by Mark Fistric.
16:39 of 1st period - Deflect By Marek Svatos.
16:39 of 1st period - Stopped by Jonathan Bernier with a rebound.
16:41 of 1st period - Slapshot by Mark Fistric.
16:41 of 1st period - Stopped by Jonathan Bernier with a rebound.
17:44 of 1st period - Jamie Arniel is hit by Brandon Burlon and loses puck.
18:21 of 1st period - Snap shot by Miikka Salomaki.
18:21 of 1st period - Shot Misses the Net.
18:27 of 1st period - Kristopher Letang is hit by Eric Wellwood and loses puck.
18:40 of 1st period - Slapshot by Nazem Kadri.
18:40 of 1st period - Stopped by Jonathan Bernier without a rebound.
18:41 of 1st period - Brandon Sutter wins face-off versus Nazem Kadri in Senateurs zone.
19:08 of 1st period - Brandon Sutter is hit by Marek Svatos and loses puck.
Goals for this period are 0 for Devils vs 0 for Senateurs.
Shots for this period are 7 for Devils vs 10 for Senateurs.
2nd period
0:01 of 2nd period - Jamie Arniel wins face-off versus Sidney Crosby in neutral zone.
1:34 of 2nd period - Minor Penalty to Zach Parise for Holding.
1:35 of 2nd period - Jamie Arniel wins face-off versus Sidney Crosby in Devils zone.
1:41 of 2nd period - Snap shot by Reilly Smith.
1:41 of 2nd period - Shot Misses the Net.
1:43 of 2nd period - Wrist shot by Reilly Smith.
1:43 of 2nd period - Senateurs goal is going for a video replay.
1:43 of 2nd period - The goal is refused. The referee deems the play has been stopped, even if he had not physically had the opportunity to stop play by blowing his whistle..
1:44 of 2nd period - Jamie Arniel wins face-off versus Sidney Crosby in Devils zone.
1:57 of 2nd period - Slapshot by Eric Gelinas.
1:57 of 2nd period - Stopped by Maxime Daigneault without a rebound.
1:58 of 2nd period - Sidney Crosby wins face-off versus Jamie Arniel in Devils zone.
2:05 of 2nd period - Snap shot by Sean Bergenheim.
2:05 of 2nd period - Stopped by Maxime Daigneault without a rebound.
2:06 of 2nd period - Jamie Arniel wins face-off versus Sidney Crosby in Devils zone.
2:06 of 2nd period - Jamie Arniel is hit by Reilly Smith.
2:33 of 2nd period - Snap shot by Reilly Smith.
2:33 of 2nd period - Shot Misses the Net.
2:35 of 2nd period - Wrist shot by Reilly Smith.
2:35 of 2nd period - Stopped by Maxime Daigneault with a rebound.
2:37 of 2nd period - Slapshot by Sidney Crosby.
2:37 of 2nd period - Shot Misses the Net.
2:39 of 2nd period - Wrist shot by Reilly Smith.
2:39 of 2nd period - Stopped by Maxime Daigneault without a rebound.
2:40 of 2nd period - Brandon Sutter wins face-off versus Jamie Arniel in Devils zone.
2:55 of 2nd period - Snap shot by Rostislav Olesz.
2:55 of 2nd period - Shot Blocked by Tyler Ennis.
2:57 of 2nd period - Wrist shot by PK Subban.
2:57 of 2nd period - Stopped by Maxime Daigneault with a rebound.
3:34 of 2nd period - Penalty to Zach Parise is over, Zach Parise is back on ice.
3:51 of 2nd period - Slapshot by Nazem Kadri.
3:51 of 2nd period - Stopped by Jonathan Bernier without a rebound.
3:52 of 2nd period - Nazem Kadri wins face-off versus Ryan Getzlaf in Senateurs zone.
3:57 of 2nd period - Wrist shot by Marian Gaborik.
3:57 of 2nd period - Shot Misses the Net.
4:27 of 2nd period - Snap shot by Ryan Getzlaf.
4:27 of 2nd period - Goal by Ryan Getzlaf - Devils : 0 - Senateurs : 1.
4:28 of 2nd period - Jamie Arniel wins face-off versus Sidney Crosby in neutral zone.
4:56 of 2nd period - Icing by Eric Gelinas.
4:57 of 2nd period - Aleksander Barkov wins face-off versus Brandon Sutter in Senateurs zone.
5:14 of 2nd period - Wrist shot by Jason Pominville.
5:14 of 2nd period - Stopped by Maxime Daigneault without a rebound.
5:15 of 2nd period - Sidney Crosby wins face-off versus Jamie Arniel in Devils zone.
5:19 of 2nd period - Minor Penalty to Brian McGrattan for Holding Stick.
5:20 of 2nd period - Sidney Crosby wins face-off versus Jamie Arniel in Devils zone.
5:38 of 2nd period - Matt Donovan is hit by Mike Green and loses puck.
7:19 of 2nd period - Penalty to Brian McGrattan is over, Brian McGrattan is back on ice.
8:19 of 2nd period - Brandon Sutter is hit by Anton Stralman and loses puck.
8:32 of 2nd period - Michael Del Zotto is hit by Ryan Getzlaf and loses puck.
8:49 of 2nd period - Snap shot by Sidney Crosby.
8:49 of 2nd period - Goal by Sidney Crosby - Devils : 0 - Senateurs : 2.
8:50 of 2nd period - Jamie Arniel wins face-off versus Sidney Crosby in neutral zone.
9:03 of 2nd period - Brian McGrattan is hit by Sidney Crosby and loses puck.
9:21 of 2nd period - Tyler Ennis is hit by Rostislav Olesz and loses puck.
9:56 of 2nd period - Backhand shot by Sidney Crosby.
9:56 of 2nd period - Stopped by Maxime Daigneault with a rebound.
9:58 of 2nd period - Snap shot by Reilly Smith.
9:58 of 2nd period - Goal by Reilly Smith - Devils : 0 - Senateurs : 3.
9:59 of 2nd period - Jamie Arniel wins face-off versus Sidney Crosby in neutral zone.
10:26 of 2nd period - Mike Green is hit by Marek Svatos.
10:51 of 2nd period - Wrist shot by Marian Gaborik.
10:51 of 2nd period - Shot Misses the Net.
10:53 of 2nd period - Snap shot by Tyler Ennis.
10:53 of 2nd period - Goal by Tyler Ennis - Devils : 1 - Senateurs : 3.
10:54 of 2nd period - Sean Bergenheim wins face-off versus Jamie Arniel in neutral zone.
11:01 of 2nd period - Sidney Crosby is hit by Michael Del Zotto and loses puck.
12:06 of 2nd period - Anton Lander is hit by Brandon Burlon and loses puck.
12:32 of 2nd period - Snap shot by Sidney Crosby.
12:32 of 2nd period - Shot Blocked by Kristopher Letang.
12:58 of 2nd period - Jason Pominville is hit by Matt Donovan.
13:32 of 2nd period - Snap shot by Ryan Getzlaf.
13:32 of 2nd period - Stopped by Maxime Daigneault without a rebound.
13:33 of 2nd period - Anton Lander wins face-off versus Eric Wellwood in Devils zone.
13:33 of 2nd period - Anton Lander is hit by T.J. Fast.
13:45 of 2nd period - Snap shot by Eric Wellwood.
13:45 of 2nd period - Stopped by Maxime Daigneault with a rebound.
13:51 of 2nd period - Wrist shot by Steve Bernier.
13:51 of 2nd period - Stopped by Maxime Daigneault without a rebound.
13:52 of 2nd period - Reilly Smith wins face-off versus Jamie Arniel in Devils zone.
13:53 of 2nd period - Wrist shot by Sidney Crosby.
13:53 of 2nd period - Stopped by Maxime Daigneault with a rebound.
13:55 of 2nd period - Wrist shot by Sean Bergenheim.
13:55 of 2nd period - Shot Misses the Net.
14:03 of 2nd period - Backhand shot by Anton Stralman.
14:03 of 2nd period - Shot Blocked by Eric Gelinas.
14:17 of 2nd period - Kristopher Letang is hit by Mike Green and loses puck.
14:42 of 2nd period - Slapshot by PK Subban.
14:42 of 2nd period - Shot Misses the Net.
14:48 of 2nd period - Wrist shot by Erik Haula.
14:48 of 2nd period - Goal by Erik Haula - Devils : 1 - Senateurs : 4.
14:49 of 2nd period - Sidney Crosby wins face-off versus Jamie Arniel in neutral zone.
15:18 of 2nd period - Brian McGrattan is hit by Sidney Crosby.
15:36 of 2nd period - Slapshot by Sidney Crosby.
15:36 of 2nd period - Shot Blocked by Zach Parise.
15:38 of 2nd period - Slapshot by Eric Gelinas.
15:38 of 2nd period - Deflect By Mark Fistric.
15:38 of 2nd period - Stopped by Maxime Daigneault with a rebound.
15:52 of 2nd period - Wrist shot by Sean Bergenheim.
15:52 of 2nd period - Stopped by Maxime Daigneault without a rebound.
15:53 of 2nd period - Brandon Sutter wins face-off versus Nazem Kadri in Devils zone.
16:50 of 2nd period - Slapshot by Eric Tangradi.
16:50 of 2nd period - Deflect By Miikka Salomaki.
16:50 of 2nd period - Shot Misses the Net.
16:50 of 2nd period - Puck is out of play.
16:51 of 2nd period - Brandon Sutter wins face-off versus Nazem Kadri in Senateurs zone.
17:19 of 2nd period - Off-side.
17:20 of 2nd period - Aleksander Barkov wins face-off versus Sidney Crosby in neutral zone.
17:43 of 2nd period - Minor Penalty to Michael Del Zotto for Holding.
17:44 of 2nd period - Sidney Crosby wins face-off versus Jamie Arniel in Devils zone.
18:12 of 2nd period - Icing by Jason Pominville.
18:13 of 2nd period - Anton Lander wins face-off versus Jason Pominville in Senateurs zone.
18:50 of 2nd period - Wrist shot by Rostislav Olesz.
18:50 of 2nd period - Shot Misses the Net.
19:00 of 2nd period - Wrist shot by Brandon Sutter.
19:00 of 2nd period - Shot Misses the Net.
19:02 of 2nd period - Snap shot by Brandon Sutter.
19:02 of 2nd period - Deflect By Jason Pominville.
19:02 of 2nd period - Stopped by Maxime Daigneault with a rebound.
19:04 of 2nd period - Wrist shot by Brandon Sutter.
19:04 of 2nd period - Stopped by Maxime Daigneault without a rebound.
19:05 of 2nd period - Sidney Crosby wins face-off versus Jamie Arniel in Devils zone.
19:43 of 2nd period - Penalty to Michael Del Zotto is over, Michael Del Zotto is back on ice.
19:44 of 2nd period - Wrist shot by Brian McGrattan.
19:44 of 2nd period - Stopped by Jonathan Bernier without a rebound.
19:45 of 2nd period - Sidney Crosby wins face-off versus Nazem Kadri in Senateurs zone.
Goals for this period are 1 for Devils vs 4 for Senateurs.
Shots for this period are 3 for Devils vs 20 for Senateurs.
3rd period
0:01 of 3rd period - Sidney Crosby wins face-off versus Jamie Arniel in neutral zone.
0:03 of 3rd period - Off-side.
0:04 of 3rd period - Jamie Arniel wins face-off versus Sidney Crosby in neutral zone.
0:20 of 3rd period - Minor Penalty to Brian McGrattan for Holding.
0:21 of 3rd period - Jamie Arniel wins face-off versus Sidney Crosby in Devils zone.
0:52 of 3rd period - Off-side.
0:53 of 3rd period - Sidney Crosby wins face-off versus Anton Lander in neutral zone.
1:07 of 3rd period - Slapshot by Sidney Crosby.
1:07 of 3rd period - Shot Misses the Net.
1:35 of 3rd period - Minor Penalty to Rostislav Olesz for Holding Stick.
1:36 of 3rd period - Sidney Crosby wins face-off versus Nazem Kadri in Senateurs zone.
2:00 of 3rd period - Icing by Kristopher Letang.
2:01 of 3rd period - Sidney Crosby wins face-off versus Nazem Kadri in Devils zone.
2:20 of 3rd period - Penalty to Brian McGrattan is over, Brian McGrattan is back on ice.
2:22 of 3rd period - Mike Green is hit by Tyler Ennis and loses puck.
2:27 of 3rd period - Snap shot by Nazem Kadri.
2:27 of 3rd period - Stopped by Jonathan Bernier without a rebound.
2:28 of 3rd period - Aleksander Barkov wins face-off versus Sidney Crosby in Senateurs zone.
2:33 of 3rd period - Wrist shot by Aleksander Barkov.
2:33 of 3rd period - Shot Misses the Net.
2:42 of 3rd period - Off-side.
2:43 of 3rd period - Brandon Sutter wins face-off versus Nazem Kadri in neutral zone.
2:58 of 3rd period - Snap shot by Tyler Ennis.
2:58 of 3rd period - Stopped by Jonathan Bernier without a rebound.
2:59 of 3rd period - Nazem Kadri wins face-off versus Sidney Crosby in Senateurs zone.
3:12 of 3rd period - Slapshot by Tyler Ennis.
3:12 of 3rd period - Shot Misses the Net.
3:35 of 3rd period - Penalty to Rostislav Olesz is over, Rostislav Olesz is back on ice.
3:54 of 3rd period - Backhand shot by Erik Haula.
3:54 of 3rd period - Stopped by Maxime Daigneault with a rebound.
4:10 of 3rd period - Wrist shot by Marian Gaborik.
4:10 of 3rd period - Shot Hit the Post.
4:12 of 3rd period - Snap shot by Tyler Ennis.
4:12 of 3rd period - Stopped by Jonathan Bernier with a rebound.
4:14 of 3rd period - Wrist shot by Matt Donovan.
4:14 of 3rd period - Stopped by Jonathan Bernier without a rebound.
4:15 of 3rd period - Nazem Kadri wins face-off versus Brandon Sutter in Senateurs zone.
4:26 of 3rd period - Snap shot by Tyler Ennis.
4:26 of 3rd period - Stopped by Jonathan Bernier without a rebound.
4:27 of 3rd period - Sidney Crosby wins face-off versus Nazem Kadri in Senateurs zone.
4:34 of 3rd period - Nazem Kadri is hit by Sean Bergenheim and loses puck.
4:53 of 3rd period - Jason Pominville is hit by Michael Del Zotto and loses puck.
5:02 of 3rd period - Snap shot by Brian McGrattan.
5:02 of 3rd period - Stopped by Jonathan Bernier with a rebound.
5:04 of 3rd period - Slapshot by Brian McGrattan.
5:04 of 3rd period - Stopped by Jonathan Bernier with a rebound.
5:06 of 3rd period - Wrist shot by Jamie Arniel.
5:06 of 3rd period - Stopped by Jonathan Bernier without a rebound.
5:07 of 3rd period - Sidney Crosby wins face-off versus Aleksander Barkov in Senateurs zone.
5:26 of 3rd period - Double Minor Penalty to Jonathan Huberdeau for Roughing.
5:27 of 3rd period - Jamie Arniel wins face-off versus Sean Bergenheim in Devils zone.
5:43 of 3rd period - Snap shot by Sean Bergenheim.
5:43 of 3rd period - Shot Misses the Net.
6:59 of 3rd period - Wrist shot by Sean Bergenheim.
6:59 of 3rd period - Stopped by Maxime Daigneault without a rebound.
7:00 of 3rd period - Jamie Arniel wins face-off versus Sidney Crosby in Devils zone.
7:36 of 3rd period - Icing by Eric Gelinas.
7:37 of 3rd period - Reilly Smith wins face-off versus Jamie Arniel in Senateurs zone.
8:19 of 3rd period - Matt Donovan is hit by Sidney Crosby and loses puck.
8:30 of 3rd period - Jason Pominville is hit by Jamie Arniel and loses puck.
8:58 of 3rd period - Slapshot by Michael Del Zotto.
8:58 of 3rd period - Shot Misses the Net.
9:00 of 3rd period - Snap shot by Eric Tangradi.
9:00 of 3rd period - Shot Misses the Net.
9:02 of 3rd period - Snap shot by Mark Fistric.
9:02 of 3rd period - Shot Misses the Net.
9:16 of 3rd period - Tyler Ennis is hit by James Neal and loses puck.
9:25 of 3rd period - Snap shot by Eric Wellwood.
9:25 of 3rd period - Stopped by Maxime Daigneault without a rebound.
9:26 of 3rd period - Penalty to Jonathan Huberdeau is over, Jonathan Huberdeau is back on ice.
9:26 of 3rd period - Aleksander Barkov wins face-off versus Ryan Getzlaf in Devils zone.
9:42 of 3rd period - Wrist shot by Aleksander Barkov.
9:42 of 3rd period - Stopped by Jonathan Bernier with a rebound.
9:52 of 3rd period - Taylor Chorney is hit by Jamie Arniel and loses puck.
10:01 of 3rd period - Wrist shot by Jamie Arniel.
10:01 of 3rd period - Stopped by Jonathan Bernier without a rebound.
10:02 of 3rd period - Brandon Sutter wins face-off versus Nazem Kadri in Senateurs zone.
10:17 of 3rd period - Snap shot by Eric Gelinas.
10:17 of 3rd period - Stopped by Maxime Daigneault with a rebound.
10:19 of 3rd period - Wrist shot by Jason Pominville.
10:19 of 3rd period - Stopped by Maxime Daigneault without a rebound.
10:20 of 3rd period - Jamie Arniel wins face-off versus Sidney Crosby in Devils zone.
10:20 of 3rd period - Jamie Arniel is hit by Mike Green.
10:25 of 3rd period - Off-side.
10:26 of 3rd period - Jamie Arniel wins face-off versus Sean Bergenheim in neutral zone.
11:50 of 3rd period - Snap shot by Zach Parise.
11:50 of 3rd period - Stopped by Jonathan Bernier with a rebound.
12:21 of 3rd period - Wrist shot by Sidney Crosby.
12:21 of 3rd period - Shot Misses the Net.
12:23 of 3rd period - Slapshot by Eric Gelinas.
12:23 of 3rd period - Stopped by Maxime Daigneault without a rebound.
12:24 of 3rd period - Rostislav Olesz wins face-off versus Nazem Kadri in Devils zone.
12:27 of 3rd period - Wrist shot by Jason Pominville.
12:27 of 3rd period - Stopped by Maxime Daigneault without a rebound.
12:28 of 3rd period - Nazem Kadri wins face-off versus Brandon Sutter in Devils zone.
13:21 of 3rd period - Snap shot by Eric Wellwood.
13:21 of 3rd period - Shot Misses the Net.
13:39 of 3rd period - Brandon Burlon is hit by Marian Gaborik and loses puck.
13:58 of 3rd period - Thomas Hickey is hit by Erik Haula.
14:02 of 3rd period - Slapshot by Jonathan Huberdeau.
14:02 of 3rd period - Shot Blocked by Ryan Getzlaf.
14:48 of 3rd period - Miikka Salomaki is hit by Ryan Getzlaf and loses puck.
14:59 of 3rd period - T.J. Fast is hit by Tyler Ennis and loses puck.
15:10 of 3rd period - Marek Svatos is hit by T.J. Fast and loses puck.
15:59 of 3rd period - Wrist shot by Anton Lander.
15:59 of 3rd period - Stopped by Jonathan Bernier without a rebound.
16:00 of 3rd period - Anton Lander wins face-off versus Ryan Getzlaf in Senateurs zone.
16:09 of 3rd period - Backhand shot by Michael Del Zotto.
16:09 of 3rd period - Shot Misses the Net.
16:11 of 3rd period - Slapshot by Mark Fistric.
16:11 of 3rd period - Deflect By Eric Wellwood.
16:11 of 3rd period - Stopped by Jonathan Bernier without a rebound.
16:12 of 3rd period - Nazem Kadri wins face-off versus Sidney Crosby in Senateurs zone.
16:25 of 3rd period - Sidney Crosby is hit by Nazem Kadri and loses puck.
16:57 of 3rd period - Matt Donovan is hit by Erik Haula and loses puck.
17:34 of 3rd period - Minor Penalty to Eric Tangradi for Interference.
17:35 of 3rd period - Sidney Crosby wins face-off versus Jamie Arniel in Devils zone.
18:24 of 3rd period - Jamie Arniel is hit by Sidney Crosby and loses puck.
19:34 of 3rd period - Penalty to Eric Tangradi is over, Eric Tangradi is back on ice.
19:48 of 3rd period - Slapshot by Rostislav Olesz.
19:48 of 3rd period - Stopped by Maxime Daigneault with a rebound.
19:54 of 3rd period - Snap shot by Jamie Arniel.
19:54 of 3rd period - Shot Misses the Net.
Goals for this period are 0 for Devils vs 0 for Senateurs.
Shots for this period are 13 for Devils vs 8 for Senateurs.